 Dungeon Crawl Stone Soup version 0.18-a0-5-gf1fb587 (webtiles) character file.

206620 hexophile the Severer (level 18, -6/161 HPs)
             Began as a Demonspawn Fighter on Oct 31, 2015.
             Was a Follower of Makhleb.
             Mangled by a phantasmal warrior (13 damage)
             ... summoned by a vampire mage
             ... on level 3 of the Vaults on Nov 1, 2015.
             The game lasted 01:10:58 (36760 turns).

hexophile the Severer (Demonspawn Fighter)         Turns: 36760, Time: 01:10:59

Health: -6/161     AC: 37    Str: 21      XL:     18   Next: 7%
Magic:  0/23       EV: 11    Int: 13      God:    Makhleb [*.....]
Gold:   769        SH:  0    Dex: 14 (15) Spells: 2 memorised, 15 levels left

rFire  + . .     SeeInvis .     w - +12 executioner's axe of Inquiry {chop, +Blink rPois MR- Int+2}
rCold  + . .     Clarity  .     z - +4 crystal plate armour
rNeg   . . .     SustAt   .     (no shield)
rPois  +         Gourm    .     (helmet unavailable)
rElec  .         Spirit   +     K - +1 cloak {MR+} {MR+}
rCorr  .         Warding  .     E - +2 pair of gloves
rMut   .         Stasis   .     h - +1 pair of boots
MR     .....                    U - amulet of guardian spirit {Spirit}
Stlth  ..........               y - +3 ring of evasion
                                t - ring of protection from cold {rC+}

@: vulnerable, very slightly contaminated, hasted and slowed, heavily drained,
not resistant to hostile enchantments, extremely unstealthy
A: horns 3, icy blue scales 2, agile 1, fire resistance 1, nightstalker 1,
robust 1, weak 1, flame cloud immunity
a: Renounce Religion, Evoke Blink
}: 1/15 runes: decaying


You were on level 3 of the Vaults.
You worshipped Makhleb.
Makhleb was aware of your devotion.
You were not hungry.

You visited 7 branches of the dungeon, and saw 35 of its levels.

You collected 2834 gold pieces.
You spent 2065 gold pieces at shops.


Innate Abilities, Weirdness & Mutations

You have a pair of large horns on your head.
You are mostly covered in icy blue scales (AC +3, EV -1).
Your flesh is heat resistant.
You are slightly more attuned to the shadows.
You are robust (+10% HP).
You are immune to clouds of flame.
You are agile. (Dex +2)
You are weak. (Str -2)

Inventory:

Hand Weapons
 d - the +8 Wrath of Trog {antimagic, *Rage}
   (Okawaru gifted it to you on level 3 of the Lair of Beasts)

   It disrupts the flow of magical energy around spellcasters and certain
   magical creatures (including the wielder).
   It may make you go berserk in combat.
 g - the +7 broad axe "Fira" {elec, MP+9 Stlth+}
   (Okawaru gifted it to you on level 1 of the Vaults)

   Occasionally, upon striking a foe, it will discharge some electrical energy
   and cause terrible harm.
   It affects your magic capacity (+9).
   It makes you more stealthy.
 q - the +7 battleaxe "Usumug" {flame, rPois}
   (Okawaru gifted it to you on level 6 of the Lair of Beasts)

   It has been specially enchanted to burn those struck by it, causing extra
   injury to most foes and up to half again as much damage against particularly
   susceptible opponents.
   Big, fiery blades are also staple armaments of hydra-hunters.
   It protects you from poison.
 w - the +12 executioner's axe of Inquiry (weapon) {chop, +Blink rPois MR- Int+2}
   (Okawaru gifted it to you on level 8 of the Lair of Beasts)

   It inflicts extra damage upon your enemies.
   It affects your intelligence (+2).
   It protects you from poison.
   It affects your resistance to hostile enchantments.
   It lets you blink.
 V - a +5 executioner's axe of flaming
Missiles
 o - 69 poisoned needles
 u - 2 needles of slowing
 B - 8 needles of paralysis
 F - a throwing net (quivered) {+f}
Armour
 h - a +1 pair of boots (worn)
 j - a +2 hat
 z - a +4 crystal plate armour (worn)
 E - a +2 pair of gloves (worn)
 K - a +1 cloak of magic resistance (worn) {MR+}
Jewellery
 a - an uncursed ring of teleportation {+/*tele}
 t - a ring of protection from cold (left hand) {rC+}
 y - a +3 ring of evasion (right hand)
 D - the amulet of a Thousand Seas {Stasis MP+9}
   (You found it on level 2 of the Vaults)

   [amulet of stasis]

   It prevents you from being teleported, slowed, hasted or paralysed.
   It affects your magic capacity (+9).
 G - a +3 ring of protection
 U - an amulet of guardian spirit (around neck) {Spirit}
 Y - an uncursed ring of flight {+Fly}
Wands
 b - a wand of digging (4)
 c - a wand of disintegration (14)
 v - a wand of lightning (11)
 H - a wand of cold (13)
 N - a wand of disintegration (6)
 Q - a wand of slowing (39)
Scrolls
 f - 10 scrolls of magic mapping
 n - 12 scrolls of remove curse
 r - 2 scrolls of immolation
 C - 2 scrolls of recharging
 J - a scroll of identify
Potions
 k - 2 potions of haste
 m - 2 potions of brilliance
 x - 5 potions of lignification
 I - 3 potions of flight
 L - 3 potions of cancellation
 M - a potion of poison {unknown}
 O - 2 potions of might
 W - 2 potions of curing
Miscellaneous
 A - a phial of floods
 P - a stone of tremors
Comestibles
 e - 11 bread rations
 i - 11 meat rations
 l - 5 chunks of flesh
 p - 11 fruits
 s - 3 slices of pizza
 T - 4 beef jerkies


You had 15 spell levels left.
You knew the following spells:

 Your Spells              Type           Power        Failure   Level  Hunger
a - Summon Butterflies    Summ           #.......     100%        1    ##.....
z - Apportation           Tloc           #.........   100%        1    ##.....


   Skills:
 * Level 14.3(12.7) Fighting
 * Level 17.9(16.1) Axes
 - Level 14.0(12.3) Armour
 - Level 14.0(12.3) Dodging
   Level 2.6(1.4) Shields
 - Level 7.6(6.2) Invocations
 * Level 1.7(0.5) Evocations

Dungeon Overview and Level Annotations

Branches:
Dungeon (13/15)            Temple (1/1) D:5            Lair (8/8) D:10
  Swamp (4/4) Lair:6        Snake (2/4) Lair:3        Slime (0/6) Lair:7
    Orc (4/4) D:11            Elf (0/3) Orc:3        Vaults (3/5) D:13
  Crypt: Vaults:2-3

Altars:
Ashenzari
Cheibriados
Dithmenos
Elyvilon
Fedhas
Gozag
Kikubaaqudgha
Makhleb
Nemelex Xobeh
Okawaru
Qazlal
Ru
Sif Muna
Trog
Vehumet
Xom
Yredelemnul
Zin
The Shining One
Beogh
Jiyva

Shops:
D:4 *   D:6 *   D:12 *   Orc:3 (:   Orc:4 (?[(   Snake:1 *   Snake:2 [

Annotations:
Lair:6 exclusions: downstairs and 4 more exclusions
Swamp:4 jezu ;-;
Snake:2 Nikola

Vault maps used:
D:1:      minmay_arrival_plants_in_alcoves, serial_park_tiny_2
D:3:      wad_pebble_path, nicolae_ru_the_path_less_chosen, first_bread,
          wad_rectangle_vault, uniq_natasha
D:4:      serial_shops, shop_statue, corexii_checkpoint_a, st_stairs_1,
          hangedman_decor_points
D:5:      temple_green, basic_altar
D:6:      ashenzari_conservatory_becter, serial_shops,
          nicolae_shop_temple_entry_statues_fountains, lasty_cornered_adventurer
D:7:      kennysheep_six_static_rooms, vehumet_statue,
          gammafunk_temple_overflow_elements, hangedman_glass_teeth, the_bakery,
          uniq_pikel
D:8:      kennysheep_mini
D:9:      xom_shifter_show, fedhas_bush_and_centaur_altar
D:10:     due_lair_maze_entry_diamond, minmay_fire_ice_demons
D:11:     minmay_ice_pillars, david_orc_2
D:12:     nicolae_alphabet_shops
D:13:     grunt_vaults_entry_tiered
Temple:   circular_temple_12
Lair:1:   st_stairs_6, beast_lair_carwin_1
Lair:2:   wad_woods_tower, infiniplex_staircase_pool, serial_bayou_shore_a,
          lemuel_fruit_tree, serial_bayou_shore_b
Lair:3:   dpeg_oklob_gauntlet, minmay_snake_entry_six_corridors,
          hibernation_bobbens, infiniplex_staircase_pool_2
Lair:4:   minivault_19, serial_bayou_crossing
Lair:5:   basic_altar, hangedman_lair_unloving_vines
Lair:6:   swamp_mist, basic_altar
Lair:7:   nicolae_slime_entry_slimehenge
Lair:8:   minmay_lair_end_enchanted_forest, minivault_25, lemuel_oklob_altar,
          uniq_maud
Swamp:1:  evilmike_swamp_ruin_rubble_2, uniq_roxanne
Swamp:2:  evilmike_swamp_ruin_rubble_1, swamp_pool2
Swamp:3:  evilmike_swamp_ruin_house_6, uniq_kirke
Swamp:4:  swamp_icy, swamp_pool4
Snake:1:  serial_shops, nicolae_shop_crystal, grunt_megastairs_2
Snake:2:  serial_shops, shop, uniq_louise, uniq_nikola
Orc:2:    nicolae_orc_bridge_out, uniq_rupert
Orc:3:    serial_shops, shop, shop, nicolae_orc_pool_cavern, uniq_snorg
Orc:4:    grunt_orc_community_town_hall, grunt_orc_community_big_house_1,
          grunt_orc_community_big_house_1, grunt_orc_community_house_2,
          grunt_orc_community_house_2, grunt_orc_community_house_2,
          grunt_orc_community_house_3, grunt_orc_community_house_2
Vaults:1: ontoclasm_vaults_ring_small, nicolae_vaults_windows_and_doors_thing,
          grunt_vaults_diagonal, hangedman_vaults_locks, st_smaller_cells,
          v_pattern_5, vaults_dpeg_ring, grunt_vaults_trifunnel, serial_ice_m,
          uniq_jorgrun
Vaults:2: v_misc_9, v_misc_27, hangedman_vaults_nails, grunt_vaults_funnel,
          hangedman_vaults_maws, vaults_room_ringed_pool,
          vaults_standard_mumra_enter_the_diamond, ontoclasm_vaults_gateway,
          nicolae_vaults_little_squares_1, v_misc_14, vaults_mumra_bighexcomb
Vaults:3: v_misc_10, minmay_crypt_entry_simple_box, vaults_dpeg_diagonal,
          hangedman_vaults_maws, v_misc_15, v_pattern_4,
          dpeg_vaults_monster_box, hangedman_vaults_nails,
          nicolae_vaults_mini_display_case, nicolae_vaults_theta,
          ontoclasm_vaults_pinch, nicolae_trove_entry_free_sample, uniq_mara,
          uniq_wiglaf
You       could see a phantasmal warrior, a freezing wraith, a two-headed ogre
          and a wraith.


Message History

The eidolon barely misses you.
The vampire knight hits you with a bardiche!
* * * LOW MAGIC WARNING * * *
* * * LOW HITPOINT WARNING * * *
The vampire knight bites you but does no damage.
You are very lightly contaminated with residual magic.
You take 15 damage, and have 16/161 hp.
You now have 4/23 mp.
Unknown command.
Unknown command.
The eidolon radiates an aura of fear!
You are terrified of the eidolon!
Unknown command.
The phantasmal warrior blinks!
The phantasmal warrior misses you.
The vampire knight casts a spell.
The vampire knight seems to speed up.
The phantasmal warrior hits you!
* * * LOW MAGIC WARNING * * *
* * * LOW HITPOINT WARNING * * *
You take 12 damage, and have 5/161 hp.
You now have 2/23 mp.
Unknown command.
Read which item? (? for menu, Esc to quit)
Okay, then.
Drink which item? (? for menu, Esc to quit)
You feel much better. The vampire knight closely misses you.
The phantasmal warrior hits you but does no damage.
You regained 23 hp, and now have 28/161 hp.
You slice the eidolon!!
You are no longer terrified.
You destroy the eidolon!
Makhleb accepts your kill.
You slash the phantasmal warrior!
The phantasmal warrior is heavily damaged.
The vampire knight hits you from afar with a bardiche!
* * * LOW MAGIC WARNING * * *
* * * LOW HITPOINT WARNING * * *
The phantasmal warrior hits you.
* * * LOW HITPOINT WARNING * * *
The vampire knight mumbles some strange words.
The vampire knight flickers and vanishes!
You take 17 damage, and have 11/161 hp.
You now have 1/23 mp.
Unknown command.
Something hits you.
* * * LOW HITPOINT WARNING * * *
You take 5 damage, and have 6/161 hp.
The phantasmal warrior blinks!
The phantasmal warrior hits you but does no damage.
The phantasmal warrior hits you!
* * * LOW MAGIC WARNING * * *
You die...

Action                   |  1- 3 |  4- 6 |  7- 9 | 10-12 | 13-15 | 16-18 || total
-------------------------+-------+-------+-------+-------+-------+-------++-------
Melee: War axe           |   162 |   114 |    61 |   841 |   295 |       ||  1473
       Flail             |       |    33 |   322 |       |       |       ||   355
       Whip              |       |       |       |    36 |       |       ||    36
       Battleaxe         |       |       |       |       |   490 |    13 ||   503
       Executioner's axe |       |       |       |       |   508 |   719 ||  1227
       Broad axe         |       |       |       |       |       |    15 ||    15
Invok: Heroism           |       |       |     4 |    21 |    16 |     8 ||    49
       Finesse           |       |       |       |     2 |     5 |     3 ||    10
Evoke: Wand              |       |     2 |       |       |    15 |       ||    17
       Stone of tremors  |       |       |       |       |     2 |       ||     2
       Phial of floods   |       |       |       |       |     1 |       ||     1
  Use: Potion            |       |     4 |     7 |     5 |    11 |     3 ||    30
       Scroll            |       |     7 |     7 |     9 |    28 |     9 ||    60
 Stab: Sleeping          |       |       |     9 |     8 |       |       ||    17
       Distracted        |       |       |       |       |     1 |     1 ||     2
       Invisible         |       |       |       |       |     1 |       ||     1
  Eat: Chunk             |     2 |     7 |    10 |    23 |    21 |    20 ||    83
       Fruit             |       |       |     3 |       |     4 |       ||     7
       Pizza             |       |       |     1 |     1 |       |       ||     2
       Beef jerky        |       |       |       |     2 |       |       ||     2
       Bread ration      |       |       |       |     1 |     3 |     1 ||     5
       Royal jelly       |       |       |       |       |     1 |       ||     1
       Meat ration       |       |       |       |       |     1 |       ||     1

Notes
Turn   | Place    | Note
--------------------------------------------------------------
     0 | D:1      | hexophile the Demonspawn Fighter began the quest for the Orb.
     0 | D:1      | Reached XP level 1. HP: 18/18 MP: 1/1
    30 | D:1      | Reached skill level 2 in Axes
   251 | D:1      | Gained mutation: Your flesh is heat resistant. [demonic ancestry]
   251 | D:1      | Reached XP level 2. HP: 18/24 MP: 2/2
   475 | D:1      | Reached skill level 3 in Axes
   581 | D:1      | Gained mutation: You have a pair of small horns on your head. [demonic ancestry]
   581 | D:1      | Reached XP level 3. HP: 27/29 MP: 3/3
  1505 | D:2      | Gained mutation: You are partially covered in icy blue scales (AC +1). [demonic ancestry]
  1505 | D:2      | Reached XP level 4. HP: 30/35 MP: 4/4
  1564 | D:2      | Reached skill level 4 in Axes
  1885 | D:3      | Gained mutation: You are slightly more attuned to the shadows. [demonic ancestry]
  1885 | D:3      | Reached XP level 5. HP: 28/41 MP: 5/5
  2042 | D:3      | Reached skill level 5 in Axes
  2257 | D:3      | Noticed Natasha
  2264 | D:3      | Killed Natasha
  2591 | D:3      | Noticed Natasha
  2599 | D:3      | Killed Natasha
  2657 | D:3      | Found a sacrificial altar of Ru.
  2738 | D:3      | Noticed Natasha
  2739 | D:3      | Noticed Rayvis's ghost (amateur DsFi)
  2741 | D:3      | Killed Natasha
  2762 | D:3      | Killed Rayvis's ghost
  2762 | D:3      | Reached skill level 6 in Axes
  2762 | D:3      | Reached XP level 6. HP: 35/47 MP: 6/6
  3307 | D:4      | Found Ewod's General Store.
  3326 | D:4      | Bought a scroll of teleportation for 39 gold pieces
  3367 | D:4      | Reached skill level 7 in Axes
  3367 | D:4      | Reached XP level 7. HP: 38/52 MP: 7/7
  3953 | D:5      | Entered Level 5 of the Dungeon
  4004 | D:5      | Found a staircase to the Ecumenical Temple.
  4032 | Temple   | Entered the Ecumenical Temple
  4093 | Temple   | Became a worshipper of Warmaster Okawaru
  4131 | D:5      | Reached skill level 8 in Axes
  4293 | D:6      | Noticed 4thArraOfDagon's ghost (amateur VSBe)
  4315 | D:6      | Killed 4thArraOfDagon's ghost
  4351 | D:6      | Reached XP level 8. HP: 45/58 MP: 8/8
  4392 | D:6      | Reached * piety under Okawaru
  4535 | D:6      | Found Haunisugg's Assorted Antiques.
  4539 | D:6      | Bought a scroll labeled HARHEALEZI for 26 gold pieces
  4588 | D:6      | Reached skill level 9 in Axes
  4588 | D:6      | Reached skill level 1 in Invocations
  4708 | D:6      | Found a shattered altar of Ashenzari.
  4725 | D:6      | Reached skill level 2 in Invocations
  4840 | D:6      | Reached skill level 3 in Invocations
  5241 | D:6      | Reached skill level 4 in Invocations
  5490 | D:6      | Reached skill level 10 in Axes
  5506 | D:6      | Found a viscous altar of Jiyva.
  5716 | D:7      | Reached XP level 9. HP: 54/63 MP: 12/12
  5731 | D:7      | Reached skill level 5 in Invocations
  5827 | D:7      | Reached ** piety under Okawaru
  6081 | D:7      | Found a radiant altar of Vehumet.
  6339 | D:7      | Found a basalt altar of Yredelemnul.
  6339 | D:7      | Found a deep blue altar of Sif Muna.
  6416 | D:7      | Reached skill level 6 in Invocations
  6554 | D:7      | Noticed Pikel
  6737 | D:6      | Killed Pikel
  6737 | D:6      | Reached skill level 11 in Axes
  6737 | D:6      | Reached skill level 7 in Invocations
  7280 | D:7      | Reached *** piety under Okawaru
  7461 | D:6      | Bought a warped war axe for 221 gold pieces
  7461 | D:6      | Identified the +4 war axe of the Countless Orbs {pain, rN+ Int-3 Dex+4} (You bought it in a shop on level 6 of the Dungeon)
  7597 | D:8      | Gained mutation: You are mostly covered in icy blue scales (AC +3, EV -1). [demonic ancestry]
  7597 | D:8      | Reached XP level 10. HP: 41/70 MP: 12/15
  7707 | D:8      | Reached skill level 4 in Fighting
  8064 | D:8      | Found an opulent altar of Gozag.
  8506 | D:8      | Reached skill level 12 in Axes
  8669 | D:9      | Found a blossoming altar of Fedhas.
  8888 | D:9      | Reached skill level 5 in Fighting
  9268 | D:9      | Found a shimmering altar of Xom.
  9268 | D:9      | Found a shimmering altar of Xom.
  9269 | D:9      | Found a shimmering altar of Xom.
  9270 | D:9      | Found a shimmering altar of Xom.
  9270 | D:9      | Found a shimmering altar of Xom.
  9270 | D:9      | Found a shimmering altar of Xom.
  9436 | D:10     | Entered Level 10 of the Dungeon
  9464 | D:10     | Noticed stickyfingers's ghost (journeyman OpAs)
  9481 | D:10     | Killed stickyfingers's ghost
  9481 | D:10     | Reached **** piety under Okawaru
  9481 | D:10     | Reached skill level 6 in Fighting
  9509 | D:10     | Noticed a hill giant
  9636 | D:10     | Killed a hill giant
  9669 | D:10     | Found a staircase to the Lair.
  9717 | D:10     | Reached skill level 7 in Fighting
 10103 | D:10     | Reached ***** piety under Okawaru
 10125 | D:10     | Noticed a hill giant
 10130 | D:10     | Killed a hill giant
 10130 | D:10     | Gained mutation: You are robust (+10% HP). [demonic ancestry]
 10130 | D:10     | Reached XP level 11. HP: 48/92 MP: 13/16
 10202 | D:10     | Reached skill level 13 in Axes
 10207 | D:10     | Reached skill level 8 in Fighting
 10604 | D:10     | Noticed a hill giant
 10613 | D:10     | Killed a hill giant
 11176 | D:11     | Found a staircase to the Orcish Mines.
 11189 | Orc:1    | Entered Level 1 of the Orcish Mines
 11227 | Orc:1    | Reached skill level 9 in Fighting
 11831 | Orc:2    | Received a gift from Okawaru
 13076 | Lair:1   | Entered Level 1 of the Lair of Beasts
 13076 | Lair:1   | Noticed an eight-headed hydra
 13090 | Lair:1   | Killed an eight-headed hydra
 13090 | Lair:1   | Reached skill level 10 in Fighting
 13393 | Lair:1   | Reached skill level 1 in Dodging
 13394 | Lair:1   | Reached skill level 3 in Armour
 13397 | Lair:1   | Reached XP level 12. HP: 66/107 MP: 14/17
 13399 | Lair:1   | Reached skill level 14 in Axes
 13402 | Lair:1   | Reached skill level 2 in Dodging
 13593 | Lair:1   | Reached skill level 4 in Armour
 13593 | Lair:1   | Reached skill level 3 in Dodging
 14794 | Lair:2   | Learned a level 1 spell: Apportation
 14796 | Lair:2   | Learned a level 1 spell: Summon Butterflies
 14863 | Lair:2   | Reached skill level 5 in Armour
 14999 | Lair:2   | Reached skill level 4 in Dodging
 15687 | Lair:2   | Reached skill level 6 in Armour
 15695 | Lair:2   | Reached skill level 5 in Dodging
 16436 | Lair:3   | Noticed cireshan's ghost (journeyman DECj)
 16448 | Lair:3   | Killed cireshan's ghost
 16457 | Lair:3   | Noticed a six-headed hydra
 16472 | Lair:3   | Killed a six-headed hydra
 16541 | Lair:3   | Got a crystal quarterstaff
 16764 | Lair:3   | Reached skill level 6 in Dodging
 16841 | Lair:3   | Reached skill level 7 in Armour
 16875 | Lair:3   | Found a staircase to the Snake Pit.
 16889 | Lair:3   | Reached XP level 13. HP: 92/114 MP: 18/18
 17271 | Lair:3   | Received a gift from Okawaru
 17455 | Lair:4   | Reached skill level 7 in Dodging
 18198 | Lair:5   | Reached skill level 8 in Armour
 18283 | Lair:5   | Found a basalt altar of Yredelemnul.
 19079 | Lair:6   | Reached skill level 8 in Dodging
 19100 | Lair:6   | Received a gift from Okawaru
 19105 | Lair:6   | Got a fine battleaxe {god gift}
 19106 | Lair:6   | Identified the +7 battleaxe "Usumug" {flame, rPois} (Okawaru gifted it to you on level 6 of the Lair of Beasts)
 19187 | Lair:6   | Found a snail-covered altar of Cheibriados.
 19583 | Lair:6   | Reached skill level 9 in Armour
 19612 | Lair:6   | Found a staircase to the Swamp.
 19806 | Lair:7   | Received a gift from Okawaru
 19806 | Lair:7   | Reached skill level 9 in Dodging
 19871 | Lair:7   | Found a staircase to the Slime Pits.
 19935 | Lair:7   | Reached skill level 15 in Axes
 19949 | Lair:7   | Reached XP level 14. HP: 111/122 MP: 19/19
 20517 | Lair:8   | Entered Level 8 of the Lair of Beasts
 20567 | Lair:8   | Reached skill level 10 in Armour
 20573 | Lair:8   | Received a gift from Okawaru
 20780 | Lair:8   | Got a shimmering executioner's axe {god gift}
 20783 | Lair:8   | Identified the +12 executioner's axe of Inquiry {chop, +Blink rPois MR- Int+2} (Okawaru gifted it to you on level 8 of the Lair of Beasts)
 21003 | Lair:8   | Reached skill level 10 in Dodging
 21052 | Lair:8   | Noticed Maud
 21061 | Lair:8   | Killed Maud
 21173 | Lair:8   | Noticed Alipheese's ghost (journeyman NaFi)
 21204 | Lair:8   | Killed Alipheese's ghost
 21508 | Lair:8   | Found a radiant altar of Vehumet.
 21720 | Lair:8   | Reached ****** piety under Okawaru
 21724 | Lair:8   | Received a gift from Okawaru
 21910 | Lair:8   | Reached skill level 11 in Armour
 22538 | Orc:3    | Found Zinguip's Antique Weapon Emporium.
 22649 | Orc:3    | Found Meklyodd's Book Shoppe.
 22716 | Orc:3    | Noticed Snorg
 22727 | Orc:3    | Killed Snorg
 23039 | Orc:3    | Found a staircase to the Elven Halls.
 23285 | Orc:4    | Entered Level 4 of the Orcish Mines
 23345 | Orc:4    | Found a roughly hewn altar of Beogh.
 23462 | Orc:4    | Received a gift from Okawaru
 23530 | Orc:4    | Found a roughly hewn altar of Beogh.
 23550 | Orc:4    | Found Qiestoul's Magic Scroll Boutique.
 23559 | Orc:4    | Bought a scroll of acquirement for 624 gold pieces
 23640 | Orc:4    | Noticed an orc warlord
 23654 | Orc:4    | Killed an orc warlord
 23654 | Orc:4    | Reached skill level 11 in Dodging
 23671 | Orc:4    | Found Fyseniop's Antique Armour Boutique.
 23675 | Orc:4    | Found a roughly hewn altar of Beogh.
 23675 | Orc:4    | Found Kyezum's Antique Weapon Shop.
 23695 | Orc:4    | Bought a distressingly furry scale mail for 252 gold pieces
 23695 | Orc:4    | Identified the +1 scale mail "Idghyojiu" {rF+} (You bought it in a shop on level 4 of the Orcish Mines)
 23794 | Orc:4    | Found a roughly hewn altar of Beogh.
 23801 | Orc:4    | Found Immusos's Antique Weapon Shoppe.
 23802 | Orc:4    | Reached XP level 15. HP: 114/128 MP: 17/20
 23857 | Orc:4    | Found a roughly hewn altar of Beogh.
 23975 | Orc:4    | Found a roughly hewn altar of Beogh.
 24072 | Orc:4    | Found a roughly hewn altar of Beogh.
 24489 | Snake:1  | Entered Level 1 of the Snake Pit
 24870 | Snake:1  | Found Rifax's General Store.
 24877 | Snake:1  | Bought a scroll of teleportation for 42 gold pieces
 24877 | Snake:1  | Bought a scroll of enchant armour for 105 gold pieces
 25181 | Snake:1  | Identified Lehudib's Handbook of Blistering Conjuration
 25955 | Snake:2  | Found Luis Qeg's Antique Armour Shop.
 25971 | Snake:2  | Bought a smoking plate armour for 756 gold pieces
 25972 | Snake:2  | Identified the +6 plate armour of Noas Rupt {Int+3} (You bought it in a shop on level 2 of the Snake Pit)
 26055 | Snake:2  | Noticed Nikola
 26055 | Snake:2  | Noticed a greater naga
 26094 | Snake:2  | Received a gift from Okawaru
 26242 | Snake:2  | Noticed Louise
 26249 | Snake:2  | Killed Louise
 26249 | Snake:2  | Reached skill level 16 in Axes
 27046 | Snake:1  | Reached skill level 11 in Fighting
 27272 | Swamp:1  | Entered Level 1 of the Swamp
 27352 | Swamp:2  | Reached skill level 12 in Armour
 27616 | Swamp:3  | Received a gift from Okawaru
 27641 | Swamp:4  | Entered Level 4 of the Swamp
 27679 | Swamp:4  | Identified the Handbook of Mutagenic Black Arts (You found it on level 4 of the Swamp)
 27842 | Swamp:4  | Noticed Uberwunderbarhen's ghost (adept OpWz)
 27859 | Swamp:4  | Killed Uberwunderbarhen's ghost
 27871 | Swamp:4  | Got a bronze plate armour
 27911 | Swamp:4  | Reached skill level 12 in Dodging
 28022 | Swamp:4  | HP: 5/130 [seven-headed hydra simulacrum (10)]
 29009 | Swamp:4  | Got a decaying rune of Zot
 29465 | D:12     | Noticed tp1's ghost (journeyman DEFE)
 29473 | D:12     | Killed tp1's ghost
 29581 | D:12     | Noticed Duffy's ghost (journeyman NaEn)
 29596 | D:12     | Killed Duffy's ghost
 29596 | D:12     | Gained mutation: You have a pair of horns on your head. [demonic ancestry]
 29596 | D:12     | Reached XP level 16. HP: 114/139 MP: 17/21
 29638 | D:12     | Noticed comborobin's ghost (journeyman TrGl)
 29660 | D:12     | Killed comborobin's ghost
 29964 | D:12     | Noticed xeno23's ghost (journeyman DDNe)
 29980 | D:12     | Killed xeno23's ghost
 29986 | D:12     | Found Bitaqeuj's Bounteous Boutique.
 31215 | D:11     | Received a gift from Okawaru
 31822 | D:13     | Reached skill level 12 in Fighting
 31863 | D:13     | Found a gate to the Vaults.
 31902 | D:13     | Gained mutation: You are agile. (Dex +2) [potion of beneficial mutation]
 31903 | D:13     | Identified the +5 plate armour "Bietofye" {Str+4} (You found it on level 4 of the Swamp)
 31907 | Vaults:1 | Entered Level 1 of the Vaults
 32011 | Vaults:1 | Received a gift from Okawaru
 32016 | Vaults:1 | Got a steaming executioner's axe {god gift}
 32018 | Vaults:1 | Identified the +2 executioner's axe of the Present {flame, *Contam MR+++ MP-9 Int+2} (Okawaru gifted it to you on level 1 of the Vaults)
 32065 | Vaults:1 | Gained mutation: You are weak. (Str -2) [mutagenic glow]
 32319 | Vaults:1 | Noticed Jorgrun
 32327 | Vaults:1 | Reached skill level 13 in Armour
 32333 | Vaults:1 | Killed Jorgrun
 32342 | Vaults:1 | Reached skill level 13 in Dodging
 32408 | Vaults:1 | Received a gift from Okawaru
 32408 | Vaults:1 | Reached skill level 17 in Axes
 32446 | Vaults:1 | Got a scorched broad axe {god gift}
 32697 | Vaults:1 | Identified the +7 broad axe "Fira" {elec, MP+9 Stlth+} (Okawaru gifted it to you on level 1 of the Vaults)
 32933 | Vaults:1 | Gained mutation: You are immune to clouds of flame. [demonic ancestry]
 32933 | Vaults:1 | Reached XP level 17. HP: 145/148 MP: 22/22
 33023 | Vaults:2 | Got a heavily runed tin amulet
 33025 | Vaults:2 | Identified the amulet of a Thousand Seas {Stasis MP+9} (You found it on level 2 of the Vaults)
 33064 | Vaults:2 | Reached skill level 13 in Fighting
 33611 | Vaults:2 | Received a gift from Okawaru
 33614 | Vaults:2 | Got an iridescent bardiche {god gift}
 33968 | Vaults:2 | HP: 6/150 [vault warden/uncursed great mace of crushing (9)]
 33968 | Vaults:2 | HP: 2/150 [vault warden/uncursed great mace of crushing (4)]
 34090 | Vaults:2 | Received a gift from Okawaru
 34093 | Vaults:2 | Got a translucent battleaxe {god gift}
 34095 | Vaults:2 | Identified the +1 battleaxe of the Key {drain, rElec rN+ Int+2 Stlth+} (Okawaru gifted it to you on level 2 of the Vaults)
 34917 | Vaults:3 | Reached skill level 14 in Armour
 34943 | Vaults:3 | Reached skill level 14 in Dodging
 34974 | Vaults:3 | Received a gift from Okawaru
 35098 | Vaults:3 | Reached skill level 14 in Fighting
 35290 | Vaults:3 | Noticed Wiglaf
 35296 | Vaults:3 | Killed Wiglaf
 35843 | Temple   | Fell from the grace of Okawaru
 35843 | Temple   | Became a worshipper of Makhleb the Destroyer
 36366 | Vaults:1 | Paralysed by an ogre mage for 3 turns
 36372 | Vaults:1 | Gained mutation: You have a pair of large horns on your head. [demonic ancestry]
 36372 | Vaults:1 | Reached XP level 18. HP: 150/160 MP: 21/23
 36668 | Vaults:3 | Reached * piety under Makhleb
 36679 | Vaults:3 | Reached skill level 1 in Evocations
 36754 | Vaults:3 | HP: 5/161 [phantasmal warrior[a vampire mage] (13)]
 36760 | Vaults:3 | Mangled by a phantasmal warrior

Table legend:
 A = Turns spent in this place as a percentage of turns spent in the entire game.
 B = Non-inter-level travel turns spent in this place as a percentage of non-inter-level travel turns spent in the entire game.
 C = Inter-level travel turns spent in this place as a percentage of turns spent in this place.
 D = Turns resting spent in this place as a percentage of non-inter-level travel turns spent in this place.
 E = Turns spent auto-exploring this place as a percentage of non-inter-level travel turns spent in this place.
 F = Non-inter-level travel turns spent in this place divided by the number of levels of this place that you've seen.
                   A       B       C       D       E      F
               +-------+-------+-------+-------+-------+----------------------
         Total | 100.0 | 100.0 |   0.5 |   2.4 |   8.4 | 347.3
       Dungeon |  35.7 |  35.6 |   0.7 |   2.4 |   9.0 | 333.3
        Temple |   0.5 |   0.5 |   0.0 |   0.0 |  11.7 |  60.0
          Lair |  25.9 |  25.9 |   0.4 |   1.9 |  10.7 | 393.8
         Swamp |   9.5 |   9.5 |   0.1 |   2.7 |   0.0 | 289.2
     Snake Pit |   5.4 |   5.4 |   0.3 |   4.4 |   8.8 | 329.5
  Orcish Mines |   9.1 |   9.1 |   0.7 |   2.5 |  11.5 | 277.2
        Vaults |  13.9 |  13.9 |   0.3 |   2.3 |   6.3 | 562.3
               +-------+-------+-------+-------+-------+----------------------

Table legend:
 A = Kills in this place as a percentage of kills in entire the game.
 B = Kills by you in this place as a percentage of kills by you in the entire game.
 C = Kills by friends in this place as a percentage of kills by friends in the entire game.
 D = Other kills in this place as a percentage of other kills in the entire game.
 E = Experience gained in this place as a percentage of experience gained in the entire game.
 F = Experience gained in this place divided by the number of levels of this place that you have seen.
                   A       B       C       D       E      F
               +-------+-------+-------+-------+-------+----------------------
         Total | 100.0 | 100.0 | 100.0 | 100.0 | 100.0 | 8472.9
       Dungeon |  29.7 |  29.9 |   0.0 |   0.0 |  13.1 | 2979.8
          Lair |  28.4 |  28.4 | 100.0 |  14.3 |  25.2 | 9328.9
         Swamp |   6.3 |   6.2 |   0.0 |  14.3 |   9.1 | 6709.5
     Snake Pit |   2.7 |   2.7 |   0.0 |  14.3 |   6.8 | 10077.5
  Orcish Mines |  15.6 |  15.7 |   0.0 |   0.0 |   4.8 | 3538.0
        Vaults |  17.4 |  17.2 |   0.0 |  57.1 |  41.2 | 40679.0
               +-------+-------+-------+-------+-------+----------------------

Vanquished Creatures
  Jorgrun (Vaults:1)
  The ghost of Uberwunderbarhen the Eclecticist, an adept OpWz of Vehumet (Swamp:4)
  Wiglaf (Vaults:3)
  6 vault wardens
  Maud (Lair:8)
  The ghost of xeno23 the Fencer, a journeyman DDNe of Makhleb (D:12)
  Louise (Snake:2)
  An orc warlord (Orc:4)
  The ghost of Alipheese the Brawler, a journeyman NaFi of Okawaru (Lair:8)
  6 ironheart preservers
  The ghost of comborobin the Grappler, a journeyman TrGl of Cheibriados (D:12)
  The ghost of Duffy the Archer, a journeyman NaEn of Cheibriados (D:12)
  A salamander stormcaller (Vaults:3)
  An eidolon (Vaults:3)
  An ettin (Vaults:3)
  Snorg (Orc:3)
  2 fire dragons (Vaults:2)
  9 ogre magi
  8 vault guards
  11 hydras
  7 yaktaur captains
  The ghost of tp1 the Arsonist, a journeyman DEFE of Vehumet (D:12)
  3 anacondas (Snake:1)
  A naga warrior (Snake:2)
  3 ice dragons (Swamp:4)
  A rakshasa (Vaults:2)
  7 centaur warriors
  A ghost crab (Swamp:3)
  3 alligators
  The ghost of stickyfingers the Basher, a journeyman OpAs of Kikubaaqudgha (D:10)
  4 death yaks (Lair:7)
  3 naga sharpshooters (Snake:1)
  A deep troll earth mage (Vaults:3)
  The ghost of cireshan the Thaumaturge, a journeyman DECj of Sif Muna (Lair:3)
  A shock serpent (Snake:1)
  2 fire crabs
  A salamander mystic (Snake:1)
  3 skeletal warriors (Vaults:2)
  5 deep trolls
  A wizard (D:13)
  A naga ritualist (Snake:1)
  2 unseen horrors
  4 ironbrand convokers
  Pikel (D:6)
  A deep elf conjurer (Vaults:3)
  3 necromancers
  2 cyclopes
  5 hill giants
  2 oklob plants
  A hornet (Vaults:2)
  17 orc knights
  2 orc sorcerers
  A wolf spider (Vaults:1)
  16 ugly things
  4 salamanders
  3 mana vipers
  4 griffons
  An elephant (Lair:7)
  A naga mage (Snake:1)
  7 vault sentinels
  23 black mambas
  A guardian serpent (Snake:1)
  3 torpor snails
  23 spiny frogs
  A storm dragon simulacrum (Vaults:2)
  6 komodo dragons
  A kobold demonologist (D:12)
  24 yaktaurs
  5 freezing wraiths
  4 fire drakes
  2 spriggan druids
  A tengu simulacrum (Vaults:3)
  9 polar bears (Lair:8)
  5 trolls
  A giant leech (Swamp:2)
  11 slime creatures (Swamp:3)
  A trapdoor spider zombie (D:7)
  4 bog bodies
  20 two-headed ogres
  2 boulder beetles
  18 blink frogs
  3 redbacks (Lair:8)
  14 spriggans
  The ghost of 4thArraOfDagon the Chopper, an amateur VSBe of Trog (D:6)
  A deep elf mage (Vaults:3)
  19 humans (D:13)
  4 basilisks
  2 wyverns
  A steam dragon (D:6)
  A hog (Swamp:3)
  7 vampire mosquitoes
  10 hippogriffs
  3 swamp worm simulacra (Swamp:4)
  73 yaks
  2 deep elf fighters (Vaults:3)
  8 wargs
  A human simulacrum (Vaults:2)
  14 hydra simulacra (Swamp:4)
  6 nagas
  45 wolves
  A human (shapeshifter) (Vaults:2)
  9 insubstantial wisps (Swamp:1)
  4 swamp worms (Swamp:4)
  53 orc warriors
  16 porcupines
  2 sky beasts
  11 ice beasts
  A swamp drake (Swamp:4)
  7 water moccasins
  44 ogres
  A phantom (D:11)
  8 wasps
  The ghost of Rayvis the Skirmisher, an amateur DsFi (D:3)
  A centaur (shapeshifter) (Vaults:1)
  9 black bears
  9 centaurs
  7 boggarts
  22 crocodiles
  A big kobold (D:11)
  26 giant frogs
  A wyvern skeleton (D:8)
  A water moccasin zombie (D:12)
  A scorpion (D:4)
  4 electric eels (Lair:2)
  6 killer bees
  11 crimson imps
  3 quasits
  A giant frog zombie (D:11)
  3 centaur zombies
  8 iguanas
  11 jellies
  24 orc priests
  3 giant frog skeletons
  39 orc wizards
  A centaur skeleton (D:11)
  9 hounds
  Natasha (thrice) (D:3)
  A statue (D:7)
  9 worker ants
  32 sheep
  A hound zombie (D:7)
  2 worker ant zombies
  9 gnolls
  22 adders
  68 river rats
  4 shadow imps
  A white imp (D:10)
  6 oozes
  5 swamp drake simulacra (Swamp:4)
  2 adder skeletons
  An adder zombie (D:6)
  2 worms
  8 giant geckos
  200 orcs
  3 ball pythons (Lair:3)
  9 bats
  10 giant cockroaches
  13 goblins
  7 hobgoblins
  15 jackals
  3 quokkas
  4 giant newts
  7 kobolds
  A quokka skeleton (D:4)
  9 rats
  A bush (D:9)
  2 fire vortices (Vaults:3)
  8 fungi
  11 plants
1402 creatures vanquished.

Vanquished Creatures (collateral kills)
  2 river rats (Lair:4)
2 creatures vanquished.

Vanquished Creatures (others)
  A deep elf knight (Vaults:3)
  A deep elf conjurer (Vaults:3)
  2 elephants (Lair:7)
  A vault sentinel (Vaults:3)
  A deep elf mage (Vaults:3)
  A hippogriff (Lair:8)
  3 nagas (Snake:2)
  3 vampire mosquitoes
  2 wasps
  2 ogres
  3 sheep (Lair:7)
  An adder skeleton (D:6)
  A fire vortex (Vaults:3)
  17 fungi
  16 plants
  A toadstool (D:6)
56 creatures vanquished.

Grand Total: 1460 creatures vanquished
